 Dungeon Crawl Stone Soup version 0.31-a0-1308-ga3cce3a (webtiles) character file.

Game seed: 6841799388028944748

106 PublicAnimeNo1 the Covered (level 4, -1/40 HPs)
             Began as a Minotaur Fighter on Dec 19, 2023.
             Slain by a worm (4 damage)
             ... on level 3 of the Dungeon.
             The game lasted 00:02:43 (1494 turns).

PublicAnimeNo1 the Covered (Minotaur Fighter)       Turns: 1494, Time: 00:02:44

Health: -1/40      AC: 13    Str: 21    XL:     4   Next: 55%
Magic:  3/3        EV:  8    Int: 11    God:
Gold:   71         SH:  4    Dex: 11    Spells: 3/3 levels left

rFire   . . .        a - +0 long sword
rCold   . . .        c - +0 buckler
rNeg    . . .        o - +0 chain mail
rPois   .            (helmet restricted)
rElec   .            (no cloak)
rCorr   .            (no gloves)
SInv    .            (no boots)
Will    .....        (no amulet) Stlth
                     i - +4 ring of protection
HPRegen 0.26/turn    m - +6 ring of intelligence
MPRegen 0.08/turn

%: no passive effects
@: mighty, weak-willed
A: horns 2, retaliatory headbutt
a: no special abilities


You were on level 3 of the Dungeon.
You visited 1 branch of the dungeon, and saw 3 of its levels.

You collected 71 gold pieces.

Inventory:

Hand Weapons
 a - a +0 long sword (weapon)
Armour
 b - a +0 scale mail
 c - a +0 buckler (worn)
 o - a +0 chain mail (worn)
Jewellery
 i - a +4 ring of protection (left hand)
 m - a +6 ring of intelligence (right hand)
Potions
 e - a potion of mutation {unknown}
 h - a potion of haste {unknown}
 k - 2 potions of curing {unknown}


   Skills:
 + Level 4.3 Fighting
 * Level 4.2 Long Blades
 + Level 4.3 Armour
 + Level 4.3 Shields


You had 3 spell levels left.
You didn't know any spells.
Your spell library contained the following spells:

 Spells                   Type           Power      Damage    Failure   Level
 Magic Dart               Conj           0%         1d3       96%         1
 Call Imp                 Summ           0%         N/A       99%         2
 Cigotuvi's Dreadful Rot  Necr/Pois/Air  0%         N/A       99%         2
 Sublimation of Blood     Necr           0%         N/A       99%         2
 Mephitic Cloud           Conj/Pois/Air  0%         N/A       100%        3
 Dispel Undead            Necr           0%         3d6       100%        4
 Petrify                  Tmut/Erth      0%         N/A       100%        4
 Irradiate                Conj/Tmut      0%         3d11      100%        5
 Death Channel            Necr           0%         N/A       100%        6


Dungeon Overview and Level Annotations

Branches:
Dungeon (3/15)

Altars:


Innate Abilities, Weirdness & Mutations

You have a pair of horns on your head.
You reflexively headbutt those who attack you in melee.


Message History

The endoplasm hits you but does no damage.
You block the orc's attack. The orc hits you but does no damage.
The orc barely misses you. The adder bites you but does no damage.
The orc completely misses you. The endoplasm freezes you.
You are frozen.
The orc barely misses you. You furiously retaliate!
You headbutt the orc. You closely miss the orc. The adder bites you.
The orc completely misses you. You furiously retaliate!
You headbutt the orc!
You kill the orc!
You block the worm's attack. The orc hits you but does no damage.
You block the endoplasm's attack.
The orc priest invokes the aid of Beogh against you.
Beogh smites you! The orc hits you with a +0 morningstar!
The adder bites you but does no damage.
You have reached level 4!
You feel stronger.
You slash the adder!
You kill the adder!
The endoplasm hits you but does no damage.
The orc priest calls upon Beogh to heal the orc.
The orc's wounds heal themselves!
The orc barely misses you. The orc hits you but does no damage.
The worm bites you.
* * * LOW HITPOINT WARNING * * *
You see here a +0 heavy flail.
You slash the orc priest!
You kill the orc priest!
The endoplasm hits you but does no damage.
The worm bites you.
* * * LOW HITPOINT WARNING * * *
The orc hits you with a +0 morningstar!
* * * LOW HITPOINT WARNING * * *
Your Long Blades skill increases to level 4!
You completely miss the worm.
The worm is severely wounded.
The endoplasm hits you but does no damage.
You block the orc's attack. The orc hits you with a +0 morningstar.
* * * LOW HITPOINT WARNING * * *
The worm bites you.
You die...

###########..##*,,,,>,,,,
*#)...........##*,,,,,,,,,
**............###*,,,,*,,*,
*,.............##*,*,,,*,,,
*,.............##*,*,*,,***
*,.............##*,,,,,,,,*
*,........g....##*,,,,,,,,,
*,.......Jwo...##*,,,,,,,*,
**.......o@)..###*,,,,,,,**
*#...............,,,,,,,**
#########.######,,,,,,,**
########..#####*,,,,,,,*,
###....B....###****,,,,,,
###.........###***,,,,,,,
###............,,,,,,,,,,
*,,,,,,...#*,,,,,,,,,,,
************,,,,,,,,,,,


You could see a worm, 2 orcs, an endoplasm and a hobgoblin.

Vanquished Creatures
  An orc priest (D:3)
  An adder (D:3)
  A dart slug (D:2)
  A worm (D:2)
  An orc (D:3)
  8 ball pythons
  6 bats
  4 endoplasms
  2 giant cockroaches
  7 hobgoblins
  5 jackals
  A quokka (D:2)
  4 frilled lizards
  8 goblins
  4 kobolds
  6 rats
60 creatures vanquished.

Notes
Turn   | Place    | Note
-------+----------+-------------------------------------------
     0 | D:1      | PublicAnimeNo1 the Minotaur Fighter began the quest for the
                  | Orb.
     0 | D:1      | Reached XP level 1. HP: 19/19 MP: 0/0
   151 | D:1      | Reached XP level 2. HP: 27/27 MP: 1/1
   386 | D:1      | Reached XP level 3. HP: 28/33 MP: 2/2
  1491 | D:3      | Reached XP level 4. HP: 17/40 MP: 3/3
  1494 | D:3      | Slain by a worm

Illustrated notes

Levels and vault maps discovered:
D:1:      dpeg_arrival_boxorama, layout_rooms
D:2:      minmay_general_purpose_star, layout_basic, minmay_pentomino_s4
D:3:      layout_rooms, grunt_temple_overflow_open, portal_sewer_entry_e,
          shapermc_ecumenical_altar_acropolis

Skill      XL: |  1  2  3  4 |
---------------+-------------+-----
Long Blades    | 3 4 |  4.2
Armour         | 4 |  4.3
Fighting       | 4 |  4.3
Shields        | 4 |  4.3

Action                     |  1- 3 |  4- 6 || total
---------------------------+-------+-------++-------
  Melee: Long sword        |   131 |     3 ||   134
         Headbutt          |    13 |       ||    13
    Use: Scroll            |     6 |       ||     6
         Potion            |     1 |       ||     1
 Armour: Scale mail        |    88 |       ||    88
         Chain mail        |    16 |     9 ||    25
  Dodge: Dodged            |    82 |     1 ||    83
  Block: Buckler           |    37 |     1 ||    38

Table legend: (Time is in decaauts)
 A = Elapsed time spent in this place.
 B = Non-inter-level travel time spent in this place.
 C = Inter-level travel time spent in this place.
 D = Time resting spent in this place.
 E = Time spent auto-exploring this place.
 F = Levels seen in this place.
 G = Mean time per level.
                   A        B        C        D        E       F      G
               +--------+--------+--------+--------+--------+-----+--------+
         Total |   1528 |   1442 |     86 |      0 |   1097 |   3 |  509.3 |
       Dungeon |   1528 |   1442 |     86 |      0 |   1097 |   3 |  509.3 |
               +--------+--------+--------+--------+--------+-----+--------+

Top non-repeatable levels by time:
     D:2: 902 daAuts
     D:1: 610 daAuts
     D:3: 16 daAuts
